 Dungeon Crawl Stone Soup version 0.30-a0-996-ga6910c8ee8 (webtiles) character file.

Game seed: 11569679140320855711

22 xian the Shooter (level 2, 0/37 HPs)
             Began as a Draconian Hunter on Apr 4, 2023.
             Slain by an adder (1 damage)
             ... on level 2 of the Dungeon.
             The game lasted 00:01:42 (520 turns).

xian the Shooter (Draconian Hunter)                  Turns: 520, Time: 00:01:43

Health: 0/37       AC:  5    Str: 13    XL:     2   Next: 68%
Magic:  2/2        EV:  9    Int: 15    God:
Gold:   38         SH:  0    Dex: 14    Spells: 1/1 levels left

rFire   . . .      SeeInvis .    c - +0 short sword
rCold   . . .      Faith    .    (no shield)
rNeg    . . .      Spirit   .    (body armour unavailable)
rPois   .          Reflect  .    (helmet restricted)
rElec   .          Rampage  .    (no cloak)
rCorr   .                        (no gloves)
Will    .....                    j - +0 pair of boots Stlth
                                 (no amulet)
HPRegen 0.26/turn                h - +6 ring of intelligence
MPRegen 0.08/turn                (no ring)

@: mighty, berserking, lethally poisoned (0 -> -1), constricted, very quick
A: AC +4, unfitting armour, cold-blooded
a: no special abilities


You were on level 2 of the Dungeon.
You visited 1 branch of the dungeon, and saw 2 of its levels.

You collected 38 gold pieces.

Inventory:

Hand Weapons
 a - a +0 shortbow
 c - a +0 short sword (weapon)
Armour
 g - a +0 buckler
 j - a +0 pair of boots (worn)
Jewellery
 h - a +6 ring of intelligence (left hand)
Scrolls
 b - a scroll of immolation
 e - 2 scrolls of teleportation {unknown}
 f - a scroll of poison {unknown}
 i - 2 scrolls of acquirement {unknown}
 l - 2 scrolls of identify {unknown}
Potions
 d - a potion of mutation {unknown}
 k - a potion of invisibility {unknown}
 n - a potion of might
 o - a potion of flight {unknown}


   Skills:
 + Level 2.3 Fighting
 + Level 4.3 Ranged Weapons
 + Level 1.8 Dodging
 + Level 0.8 Stealth


You had one spell level left.
You didn't know any spells.
Your spell library contained the following spells:

 Spells                   Type           Power      Damage    Failure   Level
 Animate Dead             Necr           0%         N/A       95%         4
 Haunt                    Necr/Summ      0%         N/A       100%        7
 Infestation              Necr           0%         N/A       100%        8


Dungeon Overview and Level Annotations

Branches:
Dungeon (2/15)

Altars:


Innate Abilities, Weirdness & Mutations

Your plain brown scales are hard. (AC +4)
You cannot fit into any form of body armour.
You are cold-blooded and may be slowed by cold attacks.


Message History

You shoot an arrow. The arrow barely misses the adder.
The adder bites you. x2
The ball python bites you. The ball python barely misses you.
The adder bites you. The adder barely misses you.
You shoot an arrow.
The arrow hits the adder but does no damage.
The adder is lightly wounded.
The ball python bites you but does no damage.
The ball python completely misses you. The adder bites you.
The adder closely misses you. The ball python barely misses you.
The ball python closely misses you.
c - a +0 short sword (weapon)
The adder bites you. x2
You are poisoned.
The adder poisons you!
Unknown command.
It was a potion of might.
You feel very mighty all of a sudden.
You feel sick. The ball python barely misses you. The ball python grabs you.
The ball python constricts you.
* * * LOW HITPOINT WARNING * * *
The adder bites you but does no damage. The adder closely misses you.
The ball python bites you but does no damage.
The ball python constricts you.
You miss the adder.
You feel sick. The adder bites you.
* * * LOW HITPOINT WARNING * * *
The adder bites you but does no damage.
The ball python bites you but does no damage.
The ball python constricts you. The adder barely misses you. x2
It was a potion of berserk rage.
A red film seems to cover your vision as you go berserk!
You feel yourself moving faster!
You feel mighty!
* * * LOW HITPOINT WARNING * * *
You feel sick.
A frilled lizard comes into view.
The ball python barely misses you. The ball python constricts you.
The adder bites you but does no damage. The adder closely misses you.
You barely miss the adder.
* * * LOW HITPOINT WARNING * * *
You feel sick. The adder bites you but does no damage. The adder bites you.
You die...

. <. # ... #
.#..#
#.####...##.
#..S.l......
#.S@....#
#..S$.....#
.............#
#............#
...............
..##......)..##
. #.........#
#.........#


You could see 2 adders, a ball python and a frilled lizard.

Vanquished Creatures
  A dart slug (D:1)
  A ball python (D:1)
  2 endoplasms (D:1)
  2 giant cockroaches (D:1)
  A goblin (D:1)
  2 hobgoblins (D:1)
  2 quokkas (D:1)
  2 bats (D:1)
  2 kobolds (D:1)
  3 rats (D:1)
18 creatures vanquished.

Notes
Turn   | Place    | Note
-------+----------+-------------------------------------------
     0 | D:1      | xian the Draconian Hunter began the quest for the Orb.
     0 | D:1      | Reached XP level 1. HP: 17/17 MP: 1/1
   105 | D:1      | Reached skill level 4 in Ranged Weapons
   105 | D:1      | Reached XP level 2. HP: 24/25 MP: 2/2
   520 | D:2      | HP: 1/37 [poisoned by an adder]
   520 | D:2      | Slain by an adder

Illustrated notes

Levels and vault maps discovered:
D:1:      psy_arrival_terrarium, layout_rooms
D:2:      layout_rooms

Skill      XL: |  1 |
---------------+----+-----
Ranged Weapons | 4 |  4.3
Fighting       | |  2.3
Dodging        | |  1.8
Stealth        | |  0.8

Action                     || total
---------------------------++-------
  Melee: Short sword       ||     2
   Fire: Shortbow          ||    75
    Use: Potion            ||     2
 Armour: Skin              ||    25
  Dodge: Dodged            ||    47

Table legend: (Time is in decaauts)
 A = Elapsed time spent in this place.
 B = Non-inter-level travel time spent in this place.
 C = Inter-level travel time spent in this place.
 D = Time resting spent in this place.
 E = Time spent auto-exploring this place.
 F = Levels seen in this place.
 G = Mean time per level.
                   A        B        C        D        E       F      G
               +--------+--------+--------+--------+--------+-----+--------+
         Total |    541 |    541 |      0 |      0 |    364 |   2 |  270.5 |
       Dungeon |    541 |    541 |      0 |      0 |    364 |   2 |  270.5 |
               +--------+--------+--------+--------+--------+-----+--------+

Top non-repeatable levels by time:
     D:1: 531 daAuts
     D:2: 9 daAuts
